Map: Vallée des cactus EC

Players

AgCl - Winner!

  • Race: Protoss Protoss
  • League: Grandmaster

sasuke

  • Race: Protoss Protoss
  • League: Grandmaster

VOD

Have the link to the VOD?

Description

Time

  • Played on: June 8, 2015, 6:47 p.m.
  • Length: 9:26
Show
View Real Time Build Order
Export as new Build Order

AgCl Protoss - Winner!

Build Orders: 1 Gate Expand, Oracle Opening, Oracle Opening 

Get SALT Encoding   

  12  0:02  Probe  
  13  0:19  Probe  
  14  0:22  Pylon  
  14  0:30  Assimilator  
  14  0:46  Probe (Chrono Boost)  
  15  0:51  Gateway  
  15  0:58  Probe (Chrono Boost)  
  16  1:06  Probe (Chrono Boost)  
  17  1:15  Probe (Chrono Boost)  
  18  1:27  Probe (Chrono Boost)  
  19  1:35  Probe (Chrono Boost)  
  20  1:41  Nexus  
  20  1:53  Cybernetics Core  
  21  1:54  Probe  
  21  2:05  Assimilator  
  21  2:06  Probe (Chrono Boost)  
  22  2:18  Pylon  
  22  2:28  Pylon  
  22  2:36  Mothership Core (Chrono Boost)  
  24  2:44  Stargate  
  24  2:54  Probe (Chrono Boost)  
  24  2:56  Probe (Chrono Boost)  
  24  2:58  Warp Gate (Chrono Boost)  
  28  3:06  Probe (Chrono Boost)  
  28  3:07  Probe (Chrono Boost)  
  28  3:13  Probe (Chrono Boost)  
  28  3:14  Probe (Chrono Boost)  
  29  3:26  Probe (Chrono Boost), Oracle (Chrono Boost)  
  31  3:30  Probe (Chrono Boost)  
  31  3:32  Assimilator  
  31  3:33  Probe (Chrono Boost)  
  35  3:37  Probe (Chrono Boost)  
  36  3:42  Pylon  
  38  3:48  Probe (Chrono Boost)  
  38  3:49  Probe (Chrono Boost)  
  38  3:57  Probe (Chrono Boost)  
  38  3:58  Probe (Chrono Boost)  
  38  4:01  Robotics Facility  
  40  4:07  Probe (Chrono Boost)  
  40  4:08  Assimilator  
  42  4:13  Probe (Chrono Boost)  
  42  4:15  Probe (Chrono Boost), Pylon  
  43  4:20  Probe  
  43  4:21  Gateway  
  44  4:27  Probe  
  45  4:32  Probe  
  46  4:46  Probe (Chrono Boost)  
  46  4:51  Probe (Chrono Boost)  
  48  4:52  Void Ray (Chrono Boost)  
  48  4:55  Immortal, Pylon  
  56  5:02  Probe  
  56  5:03  Gateway  
  56  5:05  Stalker  
  59  5:14  Cybernetics Core  
  59  5:20  Gateway  
  63  5:28  Void Ray (Chrono Boost)  
  63  5:34  Observer  
  57  5:37  Zealot x2  
  55  6:03  Gateway  
  51  6:14  Stalker x2  
  51  6:15  Zealot  
  54  6:25  Probe (Chrono Boost)  
  56  6:30  Probe (Chrono Boost)  
  56  6:36  Probe (Chrono Boost)  
  58  6:42  Probe (Chrono Boost)  
  58  6:44  Probe (Chrono Boost)  
  59  6:47  Stalker  
  59  6:48  Probe, Zealot  
  59  6:49  Adept  
  66  7:07  Adept  
  62  7:31  Stalker x2  
  62  7:32  Stalker x2  
  68  7:43  Pylon  
  64  7:44  Probe  
  64  7:49  Gateway  
  65  7:51  Probe, Pylon  
  65  7:53  Gateway  
  66  8:01  Stalker  
  66  8:02  Stalker x3  
  74  8:12  Zealot  
  64  8:36  Stalker, Zealot x2  
  64  8:37  Adept x2  
  72  8:43  Probe (Chrono Boost)  
  72  8:48  Probe (Chrono Boost)  
  72  8:50  Adept  
  72  8:51  Adept  
  72  8:52  Probe (Chrono Boost)  
  74  8:56  Probe (Chrono Boost)  
  74  9:00  Probe  
  71  9:06  Pylon  
  71  9:12  Adept x2  
  71  9:13  Adept x4  
Show
View Real Time Build Order
Export as new Build Order

sasuke Protoss 

Build Orders:  

Get SALT Encoding   

  12  0:01  Probe  
  13  0:13  Pylon  
  13  0:19  Probe  
  14  0:32  Probe (Chrono Boost)  
  15  0:41  Gateway  
  15  0:42  Probe (Chrono Boost)  
  16  0:49  Probe  
  17  1:01  Gateway  
  17  1:03  Probe  
  18  1:06  Assimilator  
  18  1:12  Assimilator  
  18  1:15  Probe (Chrono Boost)  
  19  1:22  Pylon  
  19  1:27  Probe (Chrono Boost)  
  20  1:36  Probe (Chrono Boost)  
  21  1:44  Probe (Chrono Boost)  
  22  1:51  Cybernetics Core  
  22  1:56  Probe (Chrono Boost)  
  22  2:00  Pylon  
  23  2:03  Probe (Chrono Boost)  
  24  2:30  Adept (Chrono Boost)  
  24  2:31  Adept (Chrono Boost), Warp Gate (Chrono Boost)  
  24  2:35  Mothership Core  
  30  2:49  Nexus  
  30  2:56  Adept  
  32  3:02  Adept  
  34  3:22  Twilight Council  
  34  3:26  Robotics Facility  
  34  3:32  Pylon  
  34  3:33  Probe  
  35  3:58  Probe  
  36  4:05  Probe  
  37  4:10  Probe  
  38  4:17  Probe (Chrono Boost)  
  38  4:20  Adept x2  
  44  4:29  Probe x2 (Chrono Boost)  
  44  4:36  Probe (Chrono Boost)  
  41  4:41  Stalker x2  
  41  4:43  Shield Upgrade  
  38  4:58  Probe (Chrono Boost)  
  40  5:04  Probe (Chrono Boost)  
  41  5:07  Probe (Chrono Boost)  
  41  5:11  Probe (Chrono Boost)  
  41  5:13  Stalker  
  44  5:14  Stalker  
  46  5:33  Blink (Chrono Boost)  
  42  5:59  Stalker  
  42  6:01  Zealot  
  42  6:18  Probe (Chrono Boost)  
  42  6:19  Probe (Chrono Boost)  
  42  6:26  Assimilator  
  42  6:28  Probe x2 (Chrono Boost), Assimilator  
  42  6:30  Pylon  
  44  6:35  Probe (Chrono Boost)  
  44  6:36  Probe (Chrono Boost)  
  46  6:42  Pylon  
  46  6:45  Probe x2 (Chrono Boost)  
  48  6:51  Forge  
  48  6:52  Gateway, Probe (Chrono Boost)  
  48  6:53  Probe (Chrono Boost)  
  50  6:55  Gateway x2  
  50  6:57  Pylon  
  50  7:03  Zealot x2  
  50  7:04  Probe (Chrono Boost)  
  50  7:05  Probe (Chrono Boost)  
  54  7:11  Probe (Chrono Boost)  
  45  7:18  Gateway  
  45  7:21  Gateway  
  44  7:24  Stalker  
  44  7:25  Stalker  
  38  7:45  Immortal (Chrono Boost)  
  42  7:53  Stalker x2  
  42  7:54  Pylon  
  42  7:57  Sentry, Pylon  
  46  8:14  Pylon x2  
  45  8:33  Stalker x2  
  38  8:39  Sentry  
  23  8:49  Adept  
Tags
 
Add a new tag
Caveats
  • Supply blocks, unpowered buildings, or Contaminate may cause inaccurate times.
  • Supply counts are checked every 10 seconds.